 Dungeon Crawl Stone Soup version 0.31.0-11-ge490571c62 (webtiles) character file.

Game seed: 5662258651981046518

66527 CougarLife the Blocker (level 15, -13/120 HPs)
             Began as a Gnoll Fighter on Feb 3, 2024.
             Was a High Priest of Okawaru.
             Killed from afar by Azrael (38 damage)
             ... with damnation
             ... on level 13 of the Dungeon.
             The game lasted 00:56:22 (23379 turns).

CougarLife the Blocker (Gnoll Fighter)             Turns: 23379, Time: 00:56:22

Health: -13/120    AC: 36    Str: 31    XL:     15   Next: 20%
Magic:  29/29      EV: 16    Int:  8    God:    Okawaru [*****.]
Gold:   1101       SH: 14    Dex: 12    Spells: 34/34 levels left

rFire   + . .        y - +6 war axe of the Ancient Persimmons {flame, rElec Str+3}
rCold   + . .        J - +0 kite shield
rNeg    + . .        R - +6 pearl dragon scales
rPois   +            U - +2 hat
rElec   +            d - +1 cloak {Stlth+}
rCorr   +            B - +2 pair of gloves
SInv    .            w - +2 pair of boots {Stlth+}
Will    +....        Q - amulet "Paddis" {RegenMP rElec}
Stlth   ++++++       r - ring of poison resistance
HPRegen 0.40/turn    f - +6 ring of strength
MPRegen 0.61/turn

%: no passive effects
@: resistant, heroic
A: fangs 1, strong nose, distributed training
a: Renounce Religion, Heroism, Finesse, Duel


You were on level 13 of the Dungeon.
You worshipped Okawaru.
Okawaru was extremely pleased with you.
You visited 4 branches of the dungeon, and saw 21 of its levels.
You also visited: Gauntlet and Volcano.

You collected 1970 gold pieces.
You spent 869 gold pieces at shops.

Inventory:

Hand Weapons
 y - the +6 war axe of the Ancient Persimmons (weapon) {flame, rElec Str+3}
   (You found it on level 5 of the Dungeon)

   Str+3:     It affects your strength (+3).
   rElec:     It insulates you from electricity.
Missiles
 n - 25 poisoned darts
 x - 22 boomerangs (quivered)
 F - 8 curare-tipped darts
 S - 2 silver javelins
 V - 2 throwing nets
 Z - 3 javelins
Armour
 d - a +1 cloak of stealth (worn)
 w - a +2 pair of boots of stealth (worn)
 B - a +2 pair of gloves (worn)
 J - a +0 kite shield (worn)
 R - +6 pearl dragon scales (worn)
 U - a +2 hat (worn)
Jewellery
 f - a +6 ring of strength (right hand)
 r - a ring of poison resistance (left hand)
 O - a ring of protection from fire
 P - the ring of Eduhuduh {rC+ rN+}
   (You found it in a Gauntlet)

   [ring of positive energy]

   rC+:       It protects you from cold.
   rN+:       It protects you from negative energy.
 Q - the amulet "Paddis" (around neck) {RegenMP rElec}
   (You took it off a minotaur in a Gauntlet)

   [amulet of magic regeneration]

   RegenMP:   It increases your rate of magic regeneration.
   rElec:     It insulates you from electricity.
 T - a ring of ice
Wands
 a - a wand of roots (18)
 z - a wand of flame (17)
 D - a wand of acid (16)
 E - a wand of polymorph (7)
 G - a wand of mindburst (16)
Scrolls
 c - 2 scrolls of immolation
 h - 3 scrolls of revelation
 o - 7 scrolls of amnesia
 p - 4 scrolls of noise
 q - 3 scrolls of teleportation
 s - 2 scrolls of torment
 H - 3 scrolls of enchant weapon
 L - 3 scrolls of blinking
 N - 3 scrolls of fog
 W - 3 scrolls of fear
 Y - a scroll of poison {unknown}
Potions
 b - 2 potions of magic
 g - 4 potions of brilliance
 i - 3 potions of invisibility {unknown}
 j - 3 potions of haste
 k - 3 potions of attraction {unknown}
 l - a potion of resistance
 m - a potion of lignification {unknown}
 t - a potion of degeneration {unknown}
 v - 2 potions of ambrosia {unknown}
 A - 3 potions of curing
 I - 3 potions of mutation {unknown}
 K - 2 potions of berserk rage {unknown}
 X - 3 potions of enlightenment {unknown}


   Skills:
 + Level 12.1(17.1) Fighting
 + Level 10.2(15.2) Short Blades
 + Level 10.2(15.2) Long Blades
 + Level 11.2(16.2) Axes
 + Level 10.2(15.2) Maces & Flails
 + Level 10.2(15.2) Polearms
 + Level 10.2(15.2) Staves
 + Level 10.2(15.2) Ranged Weapons
 + Level 10.2(15.2) Throwing
 + Level 12.1(17.1) Armour
 + Level 10.2(15.2) Dodging
 + Level 10.2(15.2) Stealth
 + Level 12.1(17.1) Shields
 + Level 10.2(15.2) Unarmed Combat
 + Level 10.2 Spellcasting
 + Level 8.6 Conjurations
 + Level 8.6 Hexes
 + Level 8.6 Summonings
 + Level 8.6 Necromancy
 + Level 8.6 Translocations
 + Level 8.6 Fire Magic
 + Level 8.6 Ice Magic
 + Level 8.6 Air Magic
 + Level 8.6 Earth Magic
 + Level 8.6 Alchemy
 + Level 11.1 Invocations
 + Level 10.2 Evocations
 + Level 9.4 Shapeshifting


You had 34 spell levels left.
You didn't know any spells.
Your spell library contained the following spells:

 Spells                   Type           Power      Damage    Failure   Level
 Freeze                   Ice            68%        1d8       1%          1
 Sandblast                Erth           34%        2d9       1%          1
 Cigotuvi's Dreadful Rot  Necr/Alch/Air  34%        N/A       1%          2
 Ensorcelled Hibernation  Hex/Ice        34%        N/A       1%          2
 Dazzling Flash           Conj/Hex       34%        N/A       3%          3
 Frozen Ramparts          Ice            34%        1d6       3%          3
 Fugue of the Fallen      Necr           17%        N/A       3%          3
 Hailstorm                Conj/Ice       17%        3d6       3%          3
 Mephitic Cloud           Conj/Alch/Air  17%        N/A       3%          3
 Passwall                 Erth           17%        N/A       3%          3
 Sigil of Binding         Hex            17%        N/A       3%          3
 Stone Arrow              Conj/Erth      34%        3d9       3%          3
 Volatile Blastmotes      Fire/Tloc      34%        2d12      3%          3
 Anguish                  Hex/Necr       8%         N/A       10%         4
 Brom's Barrelling Bould  Conj/Erth      17%        2d4       10%         4
 Dimensional Bullseye     Hex/Tloc       8%         N/A       10%         4
 Fulminant Prism          Conj/Alch      8%         3d7       10%         4
 Ignite Poison            Fire/Alch      17%        N/A       10%         4
 Iskenderun's Mystic Bla  Conj/Tloc      17%        2d5       10%         4
 Vhi's Electric Charge    Tloc/Air       34%        N/A       10%         4
 Arcjolt                  Conj/Air       8%         1d18      28%         5
 Curse of Agony           Necr           17%        N/A       28%         5
 Freezing Cloud           Conj/Ice/Air   8%         6-21      28%         5
 Silence                  Hex/Air        8%         N/A       28%         5
 Plasma Beam              Fire/Air       8%         2x1d19    83%         6
 Call Canine Familiar     Summ           Unusable   N/A       N/A         3

Dungeon Overview and Level Annotations

Branches:
Dungeon (13/15)            Temple (1/1) D:4            Lair (5/5) D:9
 Shoals (0/4) Lair:3        Snake (0/4) Lair:2        Slime (0/5) Lair:5
    Orc (2/2) D:11            Elf (0/3) Orc:2       Volcano (visited)
Gauntlet (visited)
 Vaults: D:13-14

Altars:
Ashenzari
Cheibriados
Dithmenos
Elyvilon
Fedhas
Gozag
Hepliaklqana
Kikubaaqudgha
Makhleb
Nemelex Xobeh
Okawaru
Qazlal
Ru
Sif Muna
Trog
Uskayaw
Vehumet
Wu Jian
Xom
Yredelemnul
Zin
The Shining One
Jiyva

Shops:
D:4 ?[[=:   D:8 (   D:9 [   D:11 *   Orc:2 !*([*

Annotations:
D:13 Azrael
Orc:2 3 runed translucent doors, exclusion: obsidian statue, brilapsti's ghost, journeyman FeSu


Innate Abilities, Weirdness & Mutations

You have very sharp teeth.
Your uncanny sense of smell can sniff out nearby items.
Your experience applies equally to all skills.


Message History

The hell hound closely misses you.
You hit the hell hound.
The hell hound is severely wounded.
You slash the hell hound! You barely miss Azrael. You slash the hell hound!
You kill the hell hound!
Okawaru accepts your kill. You block the hell hound's attack. x2
Azrael says, "You child of a rabid dog!
Grandchild of a stinking jackal!
Great-grandchild of a plucked vulture!"
You block Azrael's attack.
You slice the hell hound!!
You kill the hell hound!
Okawaru accepts your kill.
You hit the hell hound.
You kill the hell hound!
Okawaru accepts your kill.
You slash Azrael! You completely miss Azrael.
Azrael is lightly wounded.
You block Azrael's attack.
A manticore comes into view.
You hit Azrael.
Azrael is lightly wounded.
You are no longer corroded.
You block Azrael's attack.
You hit Azrael.
Azrael is lightly wounded.
You slash Azrael! You bite Azrael, but do no damage.
Azrael is moderately wounded.
Azrael misses you.
You slice Azrael!! You bite Azrael, but do no damage.
Azrael is heavily wounded.
Azrael closely misses you.
You barely miss Azrael.
Azrael is heavily wounded.
Azrael closely misses you.
You hit Azrael.
Azrael is heavily wounded.
Azrael gestures at you.
The sphere of damnation explodes!
The damnation engulfs you!!!
You die...

...... ?...###.....#
..... .?.... $..##......
##..........
#..#H^......
#.##........
#.#####.##.R......
#.....#...@)......
##..[.......##. <
#####..†.##........
...###......†....#######
.....<...........#
...###..........## .
#..........#
#..........#
#..........#


You could see Azrael and a manticore.

Vanquished Creatures
  A stone giant (Orc:1)
  Nessos (Lair:3)
  A minotaur (Gauntlet)
  An ettin (Orc:1)
  Snorg (D:10)
  Fannar (Lair:1)
  The ghost of boberto the Fighter, a journeyman MfCj of Gozag (D:11)
  7 hydras
  A catoblepas (Lair:5)
  6 death yaks (Lair:5)
  A deep troll shaman (Lair:5)
  2 two-headed ogres
  6 orc high priests
  A thrashing horror (Gauntlet)
  Sonja (Lair:1)
  A fire crab (Gauntlet)
  An arcanist (D:10)
  A deep elf pyromancer (D:12)
  8 orc knights
  2 ugly things (D:12)
  3 orc sorcerers (Orc:2)
  A cyclops (Orc:1)
  A manticore (D:12)
  8 elephants
  4 black mambas
  5 kobold blastminers
  9 cane toads
  Maggie (Lair:1)
  A torpor snail (Lair:1)
  Jeremiah (D:8)
  2 rime drakes (Lair:2)
  An unseen horror (D:10)
  10 komodo dragons
  2 kobold demonologists
  Psyche (D:8)
  2 polar bears (Lair:5)
  6 trolls
  Grinder (D:3)
  24 blink frogs
  4 vampires
  32 yaks
  4 shadows (Gauntlet)
  2 basilisks
  7 wyverns
  6 fire bats
  A fire elemental (D:9)
  4 vampire mosquitoes (D:13)
  A warg (Orc:1)
  A steam dragon (D:6)
  Edmund (D:5)
  4 nagas (Lair:2)
  2 acid dragons
  5 hell hounds
  11 water moccasins
  Duvessa (D:6)
  A black bear (D:7)
  24 orc warriors
  2 sky beasts
  2 centaurs
  4 ogres
  17 wolves
  6 bullfrogs
  3 kobold brigands
  2 gnoll sergeants
  3 scorpions
  2 small abominations (Gauntlet)
  12 wights
  6 killer bees (D:11)
  Dowan (D:6)
  6 howler monkeys
  An electric eel (D:12)
  2 jellies
  2 lava snakes (D:9)
  A crimson imp (D:10)
  3 hounds
  5 bombardier beetles
  A sleepcap (D:5)
  2 gnoll boudas
  4 iguanas
  22 orc priests
  Terence (D:2)
  Ijyb (D:5)
  Natasha (thrice) (D:2)
  26 orc wizards
  5 hell rats (Lair:1)
  20 gnolls
  4 adders
  2 shadow imps
  3 white imps
  7 dart slugs
  94 orcs
  4 bats
  6 endoplasms
  2 giant cockroaches (D:1)
  4 goblins
  4 hobgoblins
  21 kobolds
  3 quokkas
  6 ball pythons
  6 frilled lizards
  3 rats
  A butterfly (Lair:2)
574 creatures vanquished.

Vanquished Creatures (others)
  An orc priest (Orc:2)
  4 orc wizards
5 creatures vanquished.

Grand Total: 579 creatures vanquished

Notes
Turn   | Place    | Note
-------+----------+-------------------------------------------
     0 | D:1      | CougarLife the Gnoll Fighter began the quest for the Orb.
     0 | D:1      | Reached XP level 1. HP: 23/23 MP: 1/1
   118 | D:1      | Reached XP level 2. HP: 29/29 MP: 2/2
   582 | D:1      | Reached XP level 3. HP: 35/35 MP: 3/3
   739 | D:2      | Noticed Terence
   749 | D:2      | Killed Terence
   750 | D:2      | Reached skill level 1 in Short Blades
   750 | D:2      | Reached skill level 1 in Long Blades
   750 | D:2      | Reached skill level 1 in Maces & Flails
   750 | D:2      | Reached skill level 1 in Polearms
   750 | D:2      | Reached skill level 1 in Staves
   750 | D:2      | Reached skill level 1 in Ranged Weapons
   750 | D:2      | Reached skill level 1 in Throwing
   750 | D:2      | Reached skill level 1 in Dodging
   750 | D:2      | Reached skill level 1 in Stealth
   750 | D:2      | Reached skill level 1 in Unarmed Combat
   750 | D:2      | Reached skill level 1 in Spellcasting
   750 | D:2      | Reached skill level 1 in Invocations
   750 | D:2      | Reached skill level 1 in Evocations
   889 | D:2      | Reached skill level 1 in Shapeshifting
   889 | D:2      | Reached XP level 4. HP: 39/41 MP: 5/5
  1072 | D:2      | Noticed Natasha
  1077 | D:2      | Killed Natasha
  1078 | D:2      | Reached skill level 1 in Conjurations
  1078 | D:2      | Reached skill level 1 in Hexes
  1078 | D:2      | Reached skill level 1 in Summonings
  1078 | D:2      | Reached skill level 1 in Necromancy
  1078 | D:2      | Reached skill level 1 in Translocations
  1078 | D:2      | Reached skill level 1 in Fire Magic
  1078 | D:2      | Reached skill level 1 in Ice Magic
  1078 | D:2      | Reached skill level 1 in Air Magic
  1078 | D:2      | Reached skill level 1 in Earth Magic
  1078 | D:2      | Reached skill level 1 in Alchemy
  1183 | D:2      | Noticed Natasha
  1194 | D:2      | Killed Natasha
  1227 | D:2      | Found a faded altar of an unknown god.
  1262 | D:2      | Noticed Natasha
  1267 | D:2      | Killed Natasha
  1268 | D:2      | Reached XP level 5. HP: 47/47 MP: 7/7
  2107 | D:3      | Reached XP level 6. HP: 51/53 MP: 8/8
  2315 | D:3      | Noticed Grinder
  2329 | D:3      | Paralysed by Grinder for 4 turns
  2337 | D:3      | Killed Grinder
  2338 | D:3      | Reached skill level 5 in Axes
  2338 | D:3      | Reached XP level 7. HP: 37/60 MP: 8/10
  2675 | D:4      | Found Ycaeppou's Jewellery Shoppe.
  2699 | D:4      | Found Iteom's Book Shop.
  2782 | D:4      | Found Wymeyni's Armour Shop.
  2831 | D:5      | Entered Level 5 of the Dungeon
  3146 | D:4      | Found a staircase to the Ecumenical Temple.
  3175 | Temple   | Entered the Ecumenical Temple
  3206 | D:4      | Bought a +0 pair of boots for 63 gold pieces
  3206 | D:4      | Bought a +0 helmet for 63 gold pieces
  3275 | D:4      | Reached XP level 8. HP: 21/67 MP: 12/12
  3472 | D:4      | Found Hiarot's Magic Scroll Emporium.
  3475 | D:4      | Bought a scroll of identify for 24 gold pieces
  3475 | D:4      | Bought a scroll of identify for 24 gold pieces
  3475 | D:4      | Bought a scroll of identify for 24 gold pieces
  3475 | D:4      | Bought a scroll of identify for 24 gold pieces
  3569 | D:4      | Found Rosoc's Antique Armour Emporium.
  4045 | D:5      | Noticed Edmund
  4061 | D:5      | Killed Edmund
  4353 | D:5      | Identified the +6 war axe of the Ancient Persimmons {flame,
                  | rElec Str+3}
  4611 | D:5      | Noticed Ijyb
  4622 | D:5      | Killed Ijyb
  5010 | D:6      | Noticed Duvessa
  5241 | D:6      | Noticed Dowan
  5250 | D:6      | Killed Dowan
  5259 | D:6      | Killed Duvessa
  5728 | D:6      | Reached XP level 9. HP: 29/73 MP: 13/15
  6670 | D:7      | Found an iron altar of Okawaru.
  6740 | D:7      | Became a worshipper of Warmaster Okawaru
  7157 | D:8      | Reached skill level 5 in Invocations
  7185 | D:8      | Noticed Psyche
  7189 | D:8      | Killed Psyche
  7223 | D:8      | Noticed Jeremiah
  7362 | D:8      | Reached * piety under Okawaru
  7471 | D:8      | Reached skill level 5 in Short Blades
  7471 | D:8      | Reached skill level 5 in Long Blades
  7471 | D:8      | Reached skill level 5 in Maces & Flails
  7471 | D:8      | Reached skill level 5 in Polearms
  7471 | D:8      | Reached skill level 5 in Staves
  7471 | D:8      | Reached skill level 5 in Ranged Weapons
  7471 | D:8      | Reached skill level 5 in Throwing
  7471 | D:8      | Reached skill level 5 in Dodging
  7471 | D:8      | Reached skill level 5 in Stealth
  7471 | D:8      | Reached skill level 5 in Unarmed Combat
  7471 | D:8      | Reached skill level 5 in Spellcasting
  7471 | D:8      | Reached skill level 5 in Evocations
  7471 | D:8      | Reached XP level 10. HP: 53/81 MP: 17/17
  7574 | D:8      | Found Meqaoc's Antique Weapon Shoppe.
  7814 | D:8      | Killed Jeremiah
  8142 | D:9      | Reached ** piety under Okawaru
  8311 | D:9      | HP: 4/82 [poisoned by a kobold brigand (curare-tipped
                  | dart)]
  8756 | D:9      | Reached skill level 5 in Shapeshifting
  8991 | D:9      | Found Goygroqo's Armour Shoppe.
  9057 | D:9      | Bought a +0 kite shield for 67 gold pieces
  9285 | D:9      | Reached *** piety under Okawaru
  9294 | D:9      | Reached skill level 5 in Conjurations
  9294 | D:9      | Reached skill level 5 in Hexes
  9294 | D:9      | Reached skill level 5 in Summonings
  9294 | D:9      | Reached skill level 5 in Necromancy
  9294 | D:9      | Reached skill level 5 in Translocations
  9294 | D:9      | Reached skill level 5 in Fire Magic
  9294 | D:9      | Reached skill level 5 in Ice Magic
  9294 | D:9      | Reached skill level 5 in Air Magic
  9294 | D:9      | Reached skill level 5 in Earth Magic
  9294 | D:9      | Reached skill level 5 in Alchemy
  9296 | D:9      | Reached XP level 11. HP: 56/89 MP: 17/20
  9483 | D:9      | Identified the staff of Bile {Fly rC+ Ice}
  9954 | D:9      | Reached **** piety under Okawaru
  9986 | D:9      | Found a staircase to the Lair.
 10149 | D:10     | Entered Level 10 of the Dungeon
 10345 | D:10     | Noticed Snorg
 10358 | D:10     | Killed Snorg
 10574 | D:10     | Noticed an arcanist
 10585 | D:10     | Killed an arcanist
 11028 | D:10     | Noticed a two-headed ogre
 11037 | D:10     | Killed a two-headed ogre
 11137 | D:11     | Found Comp's General Store.
 11148 | D:11     | Found a gate leading to a gauntlet.
 11152 | Gauntlet | Entered a Gauntlet
 11152 | Gauntlet | Found a transporter.
 11359 | Gauntlet | Found a transporter.
 11361 | Gauntlet | Found a transporter.
 11365 | Gauntlet | Found a runed translucent door.
 11371 | Gauntlet | Noticed a fire crab
 11374 | Gauntlet | Found a runed translucent door.
 11377 | Gauntlet | Found a transporter.
 11379 | Gauntlet | Found a transporter.
 11383 | Gauntlet | Noticed a thrashing horror
 11393 | Gauntlet | Found a transporter.
 11398 | Gauntlet | Found a runed translucent door.
 11405 | Gauntlet | Found a transporter.
 11422 | Gauntlet | Noticed a ghost crab
 11423 | Gauntlet | Found a transporter.
 11427 | Gauntlet | Found a transporter.
 11437 | Gauntlet | Found a transporter.
 11437 | Gauntlet | Noticed a hell beast
 11451 | Gauntlet | Found a transporter.
 11460 | Gauntlet | Found a transporter.
 11463 | Gauntlet | Found a transporter.
 11639 | Gauntlet | Found a transporter.
 11649 | Gauntlet | Killed a fire crab
 11665 | Gauntlet | Identified the staff "Anumunt" {Conj Earth}
 11689 | Gauntlet | Killed a thrashing horror
 11689 | Gauntlet | Reached ***** piety under Okawaru
 11690 | Gauntlet | Reached XP level 12. HP: 85/97 MP: 19/22
 11712 | Gauntlet | Identified the ring of Eduhuduh {rC+ rN+}
 11745 | Gauntlet | Identified the amulet "Paddis" {RegenMP rElec}
 11745 | Gauntlet | Noticed a minotaur
 11759 | Gauntlet | Killed a minotaur
 11828 | Gauntlet | Identified the +0 leather armour of Ru, Bashing {rF++
                  | Str+3}
 11949 | D:11     | Bought a scroll of identify for 24 gold pieces
 12015 | D:11     | Found a runed translucent gate.
 12015 | D:11     | Found a runed translucent gate.
 12016 | D:11     | Found a runed translucent gate.
 12054 | D:11     | Noticed boberto's ghost (journeyman MfCj)
 12069 | D:11     | Killed boberto's ghost
 12497 | D:11     | Reached skill level 10 in Fighting
 12497 | D:11     | Reached skill level 10 in Armour
 12497 | D:11     | Reached skill level 10 in Shields
 12568 | D:11     | Found a radiant altar of Vehumet.
 12698 | D:11     | Found a staircase to the Orcish Mines.
 12930 | Lair:1   | Entered Level 1 of the Lair of Beasts
 12946 | Lair:1   | Noticed Fannar
 12972 | Lair:1   | Killed Fannar
 13200 | Lair:1   | Identified the +3 whip of Uncomfortable Rashes {spect,
                  | Str+3}
 13208 | Lair:1   | Noticed Maggie
 13213 | Lair:1   | Killed Maggie
 13290 | Lair:1   | Found a dark tunnel.
 13367 | Volcano  | Entered a volcano
 13430 | Lair:1   | Noticed Sonja
 13444 | Lair:1   | Killed Sonja
 13809 | Lair:2   | Found a staircase to the Snake Pit.
 14130 | Lair:2   | Noticed a six-headed hydra
 14139 | Lair:2   | Killed a six-headed hydra
 14294 | Lair:2   | Received a gift from Okawaru
 14460 | Lair:2   | Reached XP level 13. HP: 95/104 MP: 25/25
 14893 | Lair:3   | Noticed Nessos
 14905 | Lair:3   | Killed Nessos
 15007 | Lair:3   | Found a staircase to the Shoals.
 15170 | Lair:3   | Received a gift from Okawaru
 15910 | D:4      | Bought a scroll of identify for 24 gold pieces
 15910 | D:4      | Bought a scroll of identify for 24 gold pieces
 16709 | Lair:4   | Received a gift from Okawaru
 16828 | Lair:4   | Reached skill level 10 in Axes
 17340 | Lair:5   | Entered Level 5 of the Lair of Beasts
 17578 | Lair:5   | Found a viscous altar of Jiyva.
 17578 | Lair:5   | Found a staircase to the Slime Pits.
 17601 | Lair:5   | Received a gift from Okawaru
 17828 | Lair:5   | Reached XP level 14. HP: 106/113 MP: 27/27
 17832 | Lair:5   | Reached skill level 10 in Invocations
 18473 | Lair:5   | Received a gift from Okawaru
 20435 | Orc:1    | Entered Level 1 of the Orcish Mines
 20451 | Orc:1    | Received a gift from Okawaru
 20563 | Orc:2    | Entered Level 2 of the Orcish Mines
 21775 | Orc:2    | Found a shimmering blue altar of Sif Muna.
 21878 | Orc:2    | Found a staircase to the Elven Halls.
 21909 | Orc:2    | Found a runed translucent gate.
 21909 | Orc:2    | Found a runed translucent gate.
 21909 | Orc:2    | Found a runed translucent gate.
 21911 | Orc:2    | Found an opulent altar of Gozag.
 21913 | Orc:2    | Noticed brilapsti's ghost (journeyman FeSu)
 21914 | Orc:2    | Found Doizor's Assorted Antiques.
 22196 | Orc:2    | Reached skill level 10 in Short Blades
 22196 | Orc:2    | Reached skill level 10 in Long Blades
 22196 | Orc:2    | Reached skill level 10 in Maces & Flails
 22196 | Orc:2    | Reached skill level 10 in Polearms
 22196 | Orc:2    | Reached skill level 10 in Staves
 22196 | Orc:2    | Reached skill level 10 in Ranged Weapons
 22196 | Orc:2    | Reached skill level 10 in Throwing
 22196 | Orc:2    | Reached skill level 10 in Dodging
 22196 | Orc:2    | Reached skill level 10 in Stealth
 22196 | Orc:2    | Reached skill level 10 in Unarmed Combat
 22196 | Orc:2    | Reached skill level 10 in Spellcasting
 22196 | Orc:2    | Reached skill level 10 in Evocations
 22197 | Orc:2    | Received a gift from Okawaru
 22550 | Orc:2    | Reached XP level 15. HP: 119/120 MP: 29/29
 22564 | Orc:2    | Found Intos's Antique Armour Shoppe.
 22564 | Orc:2    | Found Ozeoxz Ustog's Distillery.
 22566 | Orc:2    | Found Naiss's Weapon Shoppe.
 22566 | Orc:2    | Found Zomepaeb's Assorted Antiques.
 22594 | Orc:2    | Bought a scroll of blinking for 255 gold pieces
 22596 | Orc:2    | Bought a potion of haste for 110 gold pieces
 22596 | Orc:2    | Bought a potion of curing for 33 gold pieces
 22596 | Orc:2    | Bought a potion of resistance for 110 gold pieces
 22930 | Orc:1    | Found a transporter.
 22983 | Orc:1    | Found a transporter.
 23357 | D:13     | Noticed Azrael
 23379 | D:13     | Killed from afar by Azrael

Illustrated notes

Levels and vault maps discovered:
D:1:      lightli_molten_gateway, layout_loops_ring
D:2:      layout_loops_cross, shapermc_ecumenical_altar_pompeii, serial_shops,
          nicolae_shop_bloodbath_and_beyond, st_stairs_3, uniq_terence,
          uniq_natasha
D:3:      mumra_celtic_spiral_tile, layout_basic, uniq_grinder
D:4:      layout_rooms, temple_pool_b, serial_shops,
          nicolae_shop_pleasant_corner_grove, kennysheep_mini_moat, shop,
          nicolae_shop_tiny_waterfront, shop
D:5:      layout_gridville, uniq_ijyb, uniq_edmund
D:6:      layout_basic, uniq_duvessa
D:7:      layout_loops_corners, mainiacjoe_overflow_brackets,
          chequers_serial_rivers_small_b
D:8:      layout_rooms, serial_shops, nicolae_stop_n_shop_2, uniq_jeremiah,
          uniq_psyche
D:9:      layout_long_grid, erik_lair_dragon, serial_shops, shop,
          hangedman_incinerator
D:10:     layout_loops_cross, lightli_wizard_tower, uniq_snorg
D:11:     layout_rooms, orc_0_dummy, special_room [special_room_orc],
          gauntlet_entry_generic, ebering_ghost_rock_garden, serial_shops, shop,
          vehumet_crystals
D:12:     layout_roguey, minivault_14, statue_in_the_mist_lemuel
D:13:     layout_rooms, corexii_corridor_pit, serial_bayou_lagoon_a, uniq_azrael
Temple:   minmay_crystal_snake_temple
Lair:1:   layout_misc_corridors, nicolae_volcano_entry_two_sided, uniq_sonja,
          uniq_maggie, uniq_fannar
Lair:2:   layout_roguey, minmay_snake_entry_guardpost_small,
          lemuel_fruit_fields, grunt_megastairs_1, serial_bayou_shore_a
Lair:3:   layout_misc_corridors, shoals_dummy_entry, uniq_nessos
Lair:4:   layout_regular_city, chequers_serial_rivers_small_a
Lair:5:   grunt_lair_end_beastmaster, layout_cave_pods, slime_entry_1
Orc:1:    gammafunk_beogh_shrine, layout_caves
Orc:2:    grunt_orc_tribal_feast, layout_caves, ebering_ghost_gozag,
          led_sif_book

Skill      XL: |  1  2  3  4  5  6  7  8  9 10 11 12 13 14 15 |
---------------+----------------------------------------------+-----
Short Blades   | 1 2 3 4 5 6 7 8 9 10 | 10.2
Long Blades    | 1 2 3 4 5 6 7 8 9 10 | 10.2
Maces & Flails | 1 2 3 4 5 6 7 8 9 10 | 10.2
Polearms       | 1 2 3 4 5 6 7 8 9 10 | 10.2
Staves         | 1 2 3 4 5 6 7 8 9 10 | 10.2
Ranged Weapons | 1 2 3 4 5 6 7 8 9 10 | 10.2
Throwing       | 1 2 3 4 5 6 7 8 9 10 | 10.2
Dodging        | 1 2 3 4 5 6 7 8 9 10 | 10.2
Stealth        | 1 2 3 4 5 6 7 8 9 10 | 10.2
Unarmed Combat | 1 2 3 4 5 6 7 8 9 10 | 10.2
Spellcasting   | 1 2 3 4 5 6 7 8 9 10 | 10.2
Invocations    | 1 2 3 4 5 6 7 8 9 10 11 | 11.1
Evocations     | 1 2 3 4 5 6 7 8 9 10 | 10.2
Shapeshifting  | 1 2 3 4 5 6 7 8 9 |  9.4
Conjurations   | 1 2 3 4 5 6 7 8 |  8.6
Hexes          | 1 2 3 4 5 6 7 8 |  8.6
Summonings     | 1 2 3 4 5 6 7 8 |  8.6
Necromancy     | 1 2 3 4 5 6 7 8 |  8.6
Translocations | 1 2 3 4 5 6 7 8 |  8.6
Fire Magic     | 1 2 3 4 5 6 7 8 |  8.6
Ice Magic      | 1 2 3 4 5 6 7 8 |  8.6
Air Magic      | 1 2 3 4 5 6 7 8 |  8.6
Earth Magic    | 1 2 3 4 5 6 7 8 |  8.6
Alchemy        | 1 2 3 4 5 6 7 8 |  8.6
Fighting       | 7 8 9 10 11 12 | 12.1
Axes           | 5 6 7 8 9 10 11 | 11.2
Armour         | 7 8 9 10 11 12 | 12.1
Shields        | 7 8 9 10 11 12 | 12.1

Action                     |  1- 3 |  4- 6 |  7- 9 | 10-12 | 13-15 || total
---------------------------+-------+-------+-------+-------+-------++-------
  Melee: War axe           |    60 |   106 |   287 |   475 |   713 ||  1641
         Bite              |     5 |    11 |    29 |    47 |   105 ||   197
  Throw: Dart              |     3 |       |       |     4 |     1 ||     8
         Boomerang         |       |       |       |    15 |   111 ||   126
         Javelin           |       |       |       |       |    11 ||    11
 Invoke: Heroism           |       |       |       |    16 |    14 ||    30
         Finesse           |       |       |       |     1 |     2 ||     3
  Evoke: Wand              |       |       |       |    22 |     5 ||    27
    Use: Scroll            |       |       |     7 |     8 |    10 ||    25
         Potion            |       |       |     1 |     2 |     8 ||    11
   Stab: Sleeping          |       |       |       |     4 |     3 ||     7
         Distracted        |       |       |       |       |     1 ||     1
 Armour: Scale mail        |    38 |    23 |       |       |       ||    61
         Chain mail        |       |    46 |   215 |   236 |       ||   497
         Pearl dragon scal |       |       |       |   118 |   426 ||   544
  Dodge: Dodged            |    22 |    43 |   110 |   166 |   339 ||   680
         Repelled          |       |       |       |     3 |     2 ||     5
  Block: Buckler           |    15 |    20 |    77 |    17 |       ||   129
         Kite shield       |       |       |       |   231 |   489 ||   720
